 Dungeon Crawl Stone Soup version 0.25-a0-1007-g10a8c3caa8 (webtiles) character file.

Game seed: 11160606376793851219, levelgen mode: deterministic

3497 MisterFreud the Carver (level 10, -2/68 HPs)
             Began as an Octopode Gladiator on May 11, 2020.
             Was an Initiate of Cheibriados.
             Slain by a worker ant zombie (5 damage)
             ... while paralysed by Joseph
             ... on level 7 of the Dungeon.
             The game lasted 00:11:45 (8548 turns).

MisterFreud the Carver (Octopode Gladiator)         Turns: 8548, Time: 00:11:45

Health: -2/68      AC:  2    Str: 19    XL:     10   Next: 7%
Magic:  19/19      EV:  2    Int: 15    God:    Cheibriados [......]
Gold:   407        SH:  0    Dex: 18    Spells: 9/9 levels left

rFire    . . .     SeeInvis .   a - +1 long sword
rCold    . . .     Gourm    .   (no shield)
rNeg     . . .     Faith    .   b - +1 hat
rPois    .         Spirit   .   (no amulet)
rElec    .         Reflect  .   r - +4 ring of dexterity
rCorr    .         Harm     .   q - ring of stealth
MR       .....                  v - ring of magical power
Stlth    +++++.....             w - +4 ring of strength
HPRegen  0.21/turn              J - ring of stealth
MPRegen  0.16/turn              (no ring)
                                (no ring)
                                (no ring)

@: paralysed, very slow
A: almost no armour, stealthy swim, amphibious, 8 rings, constrict 8, camouflage
1, gelatinous body 1
a: Bend Time, Renounce Religion


You were on level 7 of the Dungeon.
You worshipped Cheibriados.
Cheibriados was noncommittal.
You were hungry.

You visited 2 branches of the dungeon, and saw 8 of its levels.
You also visited: Ossuary.

You collected 407 gold pieces.

Inventory:

Hand Weapons
 a - a +1 long sword (weapon)
 u - a +1 morningstar of draining
 K - a +0 scimitar
Missiles
 c - 3 throwing nets (quivered)
 h - 59 bolts
 j - 94 sling bullets
 k - 169 stones
 n - 138 arrows
 o - 27 poisoned darts
 I - 6 silver javelins
Armour
 b - a +1 hat (worn)
Jewellery
 q - a ring of stealth (right tentacle)
 r - a +4 ring of dexterity (left tentacle)
 v - a ring of magical power (on tentacle)
 w - a +4 ring of strength (on tentacle)
 J - a ring of stealth (on tentacle)
Wands
 x - a wand of random effects (16)
 F - a wand of clouds (7)
 G - a wand of paralysis (19)
 H - a wand of flame (15)
Scrolls
 e - 11 scrolls of remove curse
 f - 7 scrolls of teleportation
 g - a scroll of enchant armour
 s - a scroll of summoning {unknown}
 y - 2 scrolls of amnesia {unknown}
 E - a scroll of enchant weapon
Potions
 i - 2 potions of haste
 l - 2 potions of lignification
 m - a potion of stabbing
 p - 3 potions of might
 t - a potion of ambrosia {unknown}
 z - 2 potions of mutation
 A - 3 potions of heal wounds
 B - 2 potions of curing
 C - 2 potions of brilliance
 D - 2 potions of magic
Comestibles
 d - 11 rations


   Skills:
 - Level 6.0 Fighting
 - Level 10.0 Long Blades
 - Level 2.0 Throwing
 + Level 9.2 Dodging


You had 9 spell levels left.
You didn't know any spells.
Your spell library contained the following spells:

 Spells                   Type           Power        Failure   Level  Hunger
 Animate Skeleton         Necr           N/A          26%         1    ##.....
 Apportation              Tloc           #.....       26%         1    ##.....
 Corona                   Hex            #......      26%         1    ##.....
 Sting                    Tmut/Pois      #...         26%         1    ##.....
 Summon Small Mammal      Summ           #...         26%         1    ##.....
 Call Imp                 Summ           #.......     38%         2    ###....
 Poisonous Vapours        Pois/Air       #.....       38%         2    ###....
 Call Canine Familiar     Summ           #.......     63%         3    ####...
 Ignite Poison            Fire/Tmut/Pois #.......     63%         3    ####...
 Mephitic Cloud           Conj/Pois/Air  #.......     63%         3    ####...
 Summon Guardian Golem    Hex/Summ       #.......     63%         3    ####...
 Olgreb's Toxic Radiance  Pois           #.......     95%         4    #####..
 Summon Ice Beast         Ice/Summ       #.......     95%         4    #####..
 Summon Lightning Spire   Summ/Air       #.......     95%         4    #####..


Dungeon Overview and Level Annotations

Branches:
Dungeon (7/15)             Temple (1/1) D:6         Ossuary (visited)

Altars:
Ashenzari
Cheibriados
Dithmenos
Elyvilon
Fedhas
Gozag
Hepliaklqana
Kikubaaqudgha
Makhleb
Nemelex Xobeh
Okawaru
Qazlal
Ru
Sif Muna
Trog
Uskayaw
Vehumet
Wu Jian
Xom
Yredelemnul
Zin
The Shining One

Shops:
D:7 }

Annotations:
D:7 Joseph


Innate Abilities, Weirdness & Mutations

You cannot wear most types of armour.
You are very stealthy in the water. (Stealth+)
You are amphibious.
You can wear up to eight rings at the same time.
You can use your tentacles to constrict eight enemies at once.
Your skin changes colour to match your surroundings (Stealth+).
Your rubbery body absorbs attacks. (AC +1, EV +1)


Message History

It bursts into flame!
Joseph shoots a sling bullet.
The sling bullet hits you!! The sling bullet burns you.
Joseph shoots a sling bullet.
The sling bullet hits you!!
* * * LOW HITPOINT WARNING * * *
The sling bullet burns you.
* * * LOW HITPOINT WARNING * * *
You see here a sling bullet.
Joseph zaps a wand.
You easily resist.
Okay, then.
Joseph zaps a wand.
You suddenly lose the ability to move!
The now-empty wand crumbles to dust.
The worker ant zombie bites you.
* * * LOW HITPOINT WARNING * * *
Joseph unwields a +1 hunting sling of flaming.
It stops flaming.
Joseph wields a +0 quarterstaff.
Joseph barely misses you. The worker ant zombie bites you.
* * * LOW HITPOINT WARNING * * *
Joseph hits you with a +0 quarterstaff!
* * * LOW HITPOINT WARNING * * *
The worker ant zombie bites you.
You die...

.# #..# ## ## . ##.## ####.
... #..#########....
....########.#...........##
.>...............##########
#.(.###.#.### #
###(###.#.### #
#.Z....)..### #####
###@#####...# ##.... #@#
#...###..### ..# #.......##
##.# #....####### ..#
#..........# .##
#....#####.. . #....#######
.. #####..........#
.........>......#


You could see Joseph and a worker ant zombie.

Vanquished Creatures
  Pikel (D:6)
  Prince Ribbit (D:5)
  A hippogriff (D:7)
  Duvessa (D:6)
  2 sky beasts
  3 slaves (D:6)
  2 ogres
  2 eyes of draining (D:3)
  2 centaurs
  5 bullfrogs
  A water moccasin zombie (Ossuary)
  Dowan (D:6)
  3 killer bees (D:6)
  2 howler monkeys
  3 crimson imps (D:5)
  A centaur zombie (Ossuary)
  A bullfrog zombie (D:7)
  3 hounds
  6 orc wizards
  2 bullfrog skeletons
  4 orc priests
  Crazy Yiuf (D:5)
  3 worker ants
  A killer bee zombie (Ossuary)
  2 hound zombies (Ossuary)
  11 mummies (Ossuary)
  2 hound skeletons (D:7)
  2 worker ant zombies (Ossuary)
  A howler monkey zombie (Ossuary)
  9 adders
  A gnoll (D:3)
  A shadow imp (D:6)
  An ooze (D:7)
  6 adder zombies
  4 worms
  3 dart slugs
  6 leopard geckos
  20 orcs
  A ball python (D:1)
  10 bats
  7 giant cockroaches
  5 goblins
  9 hobgoblins
  11 jackals
  12 kobolds
  3 quokkas (D:2)
  3 frilled lizards
  2 giant cockroach zombies (Ossuary)
  A jackal zombie (Ossuary)
  A leopard gecko zombie (Ossuary)
  3 quokka zombies (Ossuary)
  9 rats
198 creatures vanquished.

Vanquished Creatures (others)
  2 withered plants (Ossuary)
2 creatures vanquished.

Grand Total: 200 creatures vanquished

Notes
Turn   | Place    | Note
-------+----------+-------------------------------------------
     0 | D:1      | MisterFreud the Octopode Gladiator began the quest for the
                  | Orb.
     0 | D:1      | Reached XP level 1. HP: 14/14 MP: 1/1
   144 | D:1      | Reached XP level 2. HP: 20/20 MP: 2/2
   461 | D:1      | Reached XP level 3. HP: 24/26 MP: 3/3
  1200 | D:2      | Reached XP level 4. HP: 33/33 MP: 4/4
  2004 | D:3      | Found a shimmering altar of Xom.
  2120 | D:3      | Reached skill level 4 in Long Blades
  2269 | D:3      | Reached XP level 5. HP: 26/37 MP: 5/5
  2418 | D:3      | Found a bloodstained altar of Trog.
  2418 | D:3      | Noticed an eye of draining
  2421 | D:3      | Noticed an eye of draining
  2459 | D:3      | Killed an eye of draining
  2459 | D:3      | Reached skill level 5 in Long Blades
  2854 | D:3      | Killed an eye of draining
  2854 | D:3      | Reached skill level 6 in Long Blades
  2854 | D:3      | Reached XP level 6. HP: 43/43 MP: 0/6
  3342 | D:4      | Reached XP level 7. HP: 48/48 MP: 7/7
  4113 | D:4      | Found a shattered altar of Ashenzari.
  4291 | D:5      | Entered Level 5 of the Dungeon
  4302 | D:5      | Noticed Prince Ribbit
  4306 | D:5      | Killed Prince Ribbit
  4306 | D:5      | Reached skill level 5 in Dodging
  4327 | D:5      | Reached XP level 8. HP: 17/54 MP: 8/8
  4706 | D:5      | Found a sand-covered staircase.
  4725 | Ossuary  | Entered an ossuary
  4989 | Ossuary  | Reached skill level 7 in Long Blades
  5435 | D:5      | Found a runed translucent door.
  5436 | D:5      | Noticed Crazy Yiuf
  6018 | D:5      | Killed Crazy Yiuf
  6018 | D:5      | Reached skill level 8 in Long Blades
  6142 | D:6      | Reached XP level 9. HP: 25/58 MP: 9/9
  6564 | D:6      | Noticed Dowan
  6565 | D:6      | Noticed Pikel
  6566 | D:6      | Noticed Duvessa
  6583 | D:6      | Reached skill level 9 in Long Blades
  6590 | D:6      | Killed Dowan
  6599 | D:6      | Killed Pikel
  6599 | D:6      | Reached skill level 10 in Long Blades
  6628 | D:6      | Killed Duvessa
  7058 | D:6      | Found a staircase to the Ecumenical Temple.
  7178 | D:6      | Reached skill level 5 in Fighting
  7705 | D:7      | Found Opeomniw's Gadget Boutique.
  7848 | D:7      | Reached XP level 10. HP: 36/68 MP: 10/10
  8149 | Temple   | Entered the Ecumenical Temple
  8253 | Temple   | Became a worshipper of Cheibriados the Contemplative
  8542 | D:7      | Noticed Joseph
  8546 | D:7      | Paralysed by Joseph for 7 turns
  8548 | D:7      | HP: 3/68 [Joseph/+0 quarterstaff (8)]
  8548 | D:7      | Slain by a worker ant zombie

Illustrated notes

Levels and vault maps discovered:
D:1:      elethiomel_arrival_quiet, layout_rooms, minmay_crystal_water,
          minmay_misc_feat_four_crosses, minmay_pentomino_o4
D:2:      layout_basic
D:3:      layout_basic, trog_eyes_of_draining, first_ration, xom_teletrap_fun
D:4:      layout_basic, evilmike_ruin_ashenzari
D:5:      layout_loops_ring, enter_ossuary_1, uniq_prince_ribbit1,
          uniq_crazy_yiuf_cottage
D:6:      layout_basic, minmay_temple_entry_gardened_gates, uniq_duvessa,
          uniq_pikel
D:7:      layout_rooms, serial_shops, shop, minmay_fractal_squares_gapless_5,
          uniq_joseph
Temple:   kilobyte_greek_temple

Skill      XL: |  1  2  3  4  5  6  7  8  9 10 |
---------------+-------------------------------+-----
Fighting       | 3 4 5 6 |  6.0
Long Blades    | 4 6 8 10 | 10.0
Dodging        | 4 6 8 9 |  9.2
Throwing       | |  2.0

Action                   |  1- 3 |  4- 6 |  7- 9 | 10-12 || total
-------------------------+-------+-------+-------+-------++-------
Melee: Long sword        |    57 |    88 |   243 |    14 ||   402
       Constrict         |    16 |    28 |    72 |     5 ||   121
       Tentacles         |     8 |    31 |    94 |     6 ||   139
  Use: Scroll            |     5 |       |     9 |       ||    14
       Potion            |       |       |     7 |       ||     7
 Stab: Sleeping          |     6 |     4 |     1 |     2 ||    13
       Distracted        |       |       |     1 |       ||     1
  Eat: Chunk             |     1 |     7 |     9 |       ||    17
       Ration            |       |       |     1 |     1 ||     2
Armor: Skin              |     8 |     5 |    31 |     1 ||    45
Dodge: Dodged            |    48 |    54 |   169 |    11 ||   282
       Rpst.: Long sword |    10 |    14 |    45 |     1 ||    70

Table legend:
 A = Non-vault XP
 B = Vault XP
 C = Vault XP percentage of total XP
 D = Non-vault monster count
 E = Vault monster count
 F = Vault count percentage of total count
                 A         B        C        D         E       F
            +---------+---------+-------+---------+---------+-------
      Total |    2975 |    2021 |  40.5 |     152 |      43 |  22.1
            +---------+---------+-------+---------+---------+-------
        D:1 |      59 |       6 |   9.2 |      32 |       3 |   8.6
        D:2 |      59 |       0 |   0.0 |      23 |       0 |   0.0
        D:3 |     120 |     251 |  67.7 |      22 |       4 |  15.4
        D:4 |     168 |       0 |   0.0 |       6 |       0 |   0.0
        D:5 |     824 |     299 |  26.6 |      29 |       2 |   6.5
        D:6 |    1142 |     910 |  44.3 |      31 |       3 |   8.8
        D:7 |     603 |      20 |   3.2 |       9 |       1 |  10.0
    Ossuary |       0 |     535 | 100.0 |       0 |      30 | 100.0
            +---------+---------+-------+---------+---------+-------
